 Dungeon Crawl Stone Soup version 0.30-a0-1074-g5db6f66fbb (webtiles) character file.

Game seed: 2470812804566705029

50 MrCrawl the Chopper (level 3, -4/33 HPs)
             Began as a Hill Orc Cinder Acolyte on Apr 13, 2023.
             Was a High Priest of Ignis.
             Slain by an iguana (5 damage)
             ... on level 4 of the Dungeon.
             The game lasted 00:18:42 (1745 turns).

MrCrawl the Chopper (Hill Orc Cinder Acolyte)       Turns: 1745, Time: 00:18:43

Health: -4/33      AC:  5    Str: 18    XL:     3   Next: 79%
Magic:  4/4        EV: 10    Int: 14    God:    Ignis [*****.]
Gold:   96         SH:  0    Dex:  6    Spells: 4/4 levels left

rFire   + + .      SeeInvis .    a - -1 hand axe (flame)
rCold   x . .      Faith    .    (no shield)
rNeg    + . .      Spirit   .    z - +0 ring mail
rPois   .          Reflect  .    (no helmet)
rElec   .          Rampage  .    (no cloak)
rCorr   .                        (no gloves)
Will    .....                    (no boots) Stlth
                                 (no amulet)
HPRegen 0.25/turn                s - ring of positive energy
MPRegen 0.09/turn                w - ring of fire

@: no status effects
A: no striking features
a: Renounce Religion, Fiery Armour, Foxfire Swarm, Rising Flame


You were on level 4 of the Dungeon.
You worshipped Ignis.
Ignis was extremely pleased with you.
You visited 1 branch of the dungeon, and saw 3 of its levels.

You collected 96 gold pieces.

Inventory:

Hand Weapons
 a - a -1 hand axe of flaming (weapon)
 f - a +0 short sword
 g - a +0 war axe {fire}
 i - a +0 dagger
 j - a +0 club
 m - a +0 short sword
 n - a +0 club
 o - a +0 dagger
 p - a +0 dagger
 r - a +0 short sword
 v - a +0 short sword
 x - a +0 mace
 y - a +0 mace
 B - a +1 dagger of venom
 C - a +0 sling
 H - a +0 club
 J - a +0 war axe
Missiles
 d - 4 silver javelins
 e - 23 stones (quivered)
 G - 4 poisoned darts
Armour
 b - a +0 robe
 c - a +0 robe
 k - a +0 scale mail
 l - a +0 scale mail
 q - a +0 robe
 u - a +0 scale mail
 z - a +0 ring mail (worn)
Jewellery
 s - a ring of positive energy (left hand)
 w - a ring of fire (right hand)
Scrolls
 A - a scroll of fear
 E - a scroll of identify
 I - a scroll of butterflies {unknown}
Potions
 h - a potion of invisibility
 F - a potion of attraction {unknown}
 K - a potion of mutation {unknown}


   Skills:
 + Level 4.0 Fighting
 + Level 5.1 Axes
 + Level 0.1 Throwing
 + Level 0.3 Armour
 + Level 0.6 Dodging
 + Level 1.0 Spellcasting
 + Level 3.6 Fire Magic


You had 4 spell levels left.
You didn't know any spells.
Your spell library contained the following spells:

 Spells                   Type           Power      Damage    Failure   Level
 Scorch                   Fire           32%        2d6       16%         2
 Cigotuvi's Dreadful Rot  Necr/Pois/Air  0%         N/A       56%         2
 Ignite Poison            Fire/Tmut/Pois 6%         N/A       65%         3
 Freezing Cloud           Conj/Ice/Air   0%         6-21      100%        5


Dungeon Overview and Level Annotations

Branches:
Dungeon (2/15)

Altars:


Message History

You kill the ball python!
As you read the scroll labelled GEIHUOMUANY, it crumbles to dust.
A profound silence engulfs you.
It was a scroll of silence.
Your hearing returns.
A sourceless malevolence fills the Dungeon...
You fall into a shaft and drop 2 floors!
The shaft crumbles and collapses.
Found 8 gold pieces.
You now have 83 gold pieces (gained 8).
Found 6 stones and 13 gold pieces.
e - 23 stones (gained 6)
You now have 96 gold pieces (gained 13).
You open the door.
A kobold and an iguana come into view.
The iguana hisses angrily.
You hit the iguana but do no damage. The iguana closely misses you.
You hit the iguana but do no damage. The iguana bites you.
You hit the iguana but do no damage. Your punch misses the iguana.
The iguana bites you but does no damage.
You barely miss the iguana. The iguana bites you.
You hit the iguana but do no damage. The iguana bites you!
You hit the iguana but do no damage. The iguana closely misses you.
You closely miss the iguana. The iguana closely misses you.
You barely miss the iguana. The iguana misses you.
You barely miss the iguana. The iguana barely misses you.
You hit the iguana. You burn the iguana.
The iguana is lightly wounded.
The iguana barely misses you.
You slash the iguana! You burn the iguana.
The iguana is severely wounded.
The iguana bites you!
You barely miss the iguana.
The iguana is severely wounded.
The iguana bites you.
You hit the iguana but do no damage.
The iguana is severely wounded.
The iguana bites you!
* * * LOW HITPOINT WARNING * * *
The iguana attacks as you move away! The iguana bites you.
You die...

#........#
####........#
..##........
#.# ....... #.#
..... #.# ...
#.# #K# .##
#.#####l#
.....##......@#
..............#
.....########.#
..## .. #.#
#.##.#########
#............#
####.#.##.##.#
#.#.....#.#
#.####.##.#


You could see an iguana and a kobold.

Vanquished Creatures
  An adder (D:2)
  A dart slug (D:2)
  3 bats
  4 endoplasms
  5 giant cockroaches
  4 goblins
  2 hobgoblins
  3 jackals (D:2)
  3 ball pythons
  5 kobolds (D:1)
  3 rats
34 creatures vanquished.

Vanquished Creatures (others)
  17 plants (D:1)
17 creatures vanquished.

Grand Total: 51 creatures vanquished

Notes
Turn   | Place    | Note
-------+----------+-------------------------------------------
     0 | D:1      | MrCrawl the Hill Orc Cinder Acolyte began the quest for the
                  | Orb.
     0 | D:1      | Reached XP level 1. HP: 19/19 MP: 2/2
   263 | D:1      | Reached XP level 2. HP: 18/27 MP: 3/3
  1096 | D:2      | Reached XP level 3. HP: 21/33 MP: 4/4
  1230 | D:2      | Reached skill level 5 in Axes
  1677 | D:2      | You fall into a shaft and drop 2 floors!
  1744 | D:4      | HP: 1/33 [iguana (10)]
  1745 | D:4      | Slain by an iguana

Illustrated notes

Levels and vault maps discovered:
D:1:      minmay_arrival_solitary_statue, layout_loops_ring, serial_bayou_lake_a
D:2:      layout_basic, chequers_ecumenical_altar_island
D:4:      layout_basic, mainiacjoe_overflow_chevrons

Skill      XL: |  1  2  3 |
---------------+----------+-----
Axes           | 5 |  5.1
Fighting       | 4 |  4.0
Throwing       | |  0.1
Armour         | |  0.3
Dodging        | |  0.6
Spellcasting   | |  1.0
Fire Magic     | |  3.6

Action                     || total
---------------------------++-------
  Melee: Hand axe          ||   129
         Punch             ||     2
  Throw: Stone             ||    12
    Use: Potion            ||     1
         Scroll            ||     4
 Armour: Robe              ||     3
         Scale mail        ||    11
         Ring mail         ||    28
  Dodge: Dodged            ||    56

Table legend: (Time is in decaauts)
 A = Elapsed time spent in this place.
 B = Non-inter-level travel time spent in this place.
 C = Inter-level travel time spent in this place.
 D = Time resting spent in this place.
 E = Time spent auto-exploring this place.
 F = Levels seen in this place.
 G = Mean time per level.
                   A        B        C        D        E       F      G
               +--------+--------+--------+--------+--------+-----+--------+
         Total |   1811 |   1811 |      0 |      0 |      0 |   3 |  603.7 |
       Dungeon |   1811 |   1811 |      0 |      0 |      0 |   3 |  603.7 |
               +--------+--------+--------+--------+--------+-----+--------+

Top non-repeatable levels by time:
     D:1: 1055 daAuts
     D:2: 687 daAuts
     D:4: 68 daAuts
